 Dungeon Crawl Stone Soup version 0.27-a0-1416-g941b2bd30b (webtiles) character file.

Game seed: 13625489236210356570

3583 kae the Cleaver (level 10, -5/93 HPs)
             Began as a Hill Orc Fighter on July 1, 2021.
             Slain by a cyan ugly thing (11 damage)
             ... on level 8 of the Dungeon.
             The game lasted 00:06:31 (9969 turns).

kae the Cleaver (Hill Orc Fighter)                  Turns: 9969, Time: 00:06:32

Health: -5/93      AC:  8    Str: 23    XL:     10   Next: 10%
Magic:  10/10      EV: 11    Int:  8    God:
Gold:   429        SH:  0    Dex: 10    Spells: 9/9 levels left

rFire    . . .     SeeInvis .   x - +0 battleaxe (vorpal)
rCold    . . .     Faith    .   (shield currently unavailable)
rNeg     . . .     Spirit   .   b - +0 scale mail
rPois    .         Reflect  .   (no helmet)
rElec    .         Harm     .   t - +0 cloak
rCorr    .         Rampage  .   (no gloves)
Will     .....                  (no boots)
Stlth    ..........             (no amulet)
HPRegen  0.25/turn              (no ring)
MPRegen  0.12/turn              (no ring)

@: studying Dodging
A: no striking features
a: no special abilities


You were on level 8 of the Dungeon.
You visited 1 branch of the dungeon, and saw 8 of its levels.

You collected 429 gold pieces.

Inventory:

Hand Weapons
 a - a +2 war axe of venom
 x - a +0 vorpal battleaxe (weapon)
Armour
 b - a +0 scale mail (worn)
 c - a +0 kite shield
 t - a +0 cloak (worn)
Jewellery
 e - a ring of protection from cold
 h - a ring of resist corrosion
 n - an amulet of reflection
 u - an amulet of guardian spirit
 w - a ring of protection from cold
Scrolls
 k - a scroll of identify
 m - a scroll of fog
 o - a scroll of amnesia
 r - 5 scrolls of teleportation
 v - a scroll of blinking
Potions
 d - 3 potions of might
 f - 2 potions of attraction
 g - a potion of haste
 i - a potion of lignification
 j - a potion of ambrosia
 p - a potion of cancellation
 s - 2 potions of heal wounds


   Skills:
 + Level 10.1 Fighting
 * Level 14.2 Axes
 - Level 3.2 Armour
 + Level 3.4 Dodging
 - Level 3.2 Shields


You had 9 spell levels left.
You didn't know any spells.
Your spell library contained the following spells:

 Spells                   Type           Power      Damage    Failure   Level
 Magic Dart               Conj           0%         1d3       71%         1
 Summon Small Mammal      Summ           0%         N/A       71%         1
 Call Imp                 Summ           0%         N/A       85%         2
 Corpse Rot               Necr/Air       N/A        N/A       85%         2
 Poisonous Vapours        Pois/Air       0%         N/A       85%         2
 Slow                     Hex            0%         N/A       85%         2
 Call Canine Familiar     Summ           0%         N/A       97%         3
 Confusing Touch          Hex            0%         N/A       97%         3
 Dazzling Flash           Conj/Hex       0%         N/A       97%         3
 Frozen Ramparts          Ice            0%         1d2       97%         3
 Gell's Gravitas          Tloc           0%         N/A       97%         3
 Lesser Beckoning         Tloc           0%         N/A       97%         3
 Mephitic Cloud           Conj/Pois/Air  0%         N/A       97%         3
 Portal Projectile        Hex/Tloc       0%         N/A       97%         3
 Summon Guardian Golem    Hex/Summ       0%         N/A       97%         3
 Teleport Other           Tloc           0%         N/A       97%         3
 Dispel Undead            Necr           0%         3d6       100%        4
 Ice Form                 Ice/Tmut       0%         N/A       100%        4
 Iskenderun's Mystic Bla  Conj/Tloc      0%         2d3       100%        4
 Leda's Liquefaction      Hex/Erth       0%         N/A       100%        4
 Summon Ice Beast         Ice/Summ       0%         N/A       100%        4
 Freezing Cloud           Conj/Ice/Air   0%         6-21      100%        5
 Yara's Violent Unravell  Hex/Tmut       0%         3d3       100%        5
 Death Channel            Necr           0%         N/A       100%        6
 Dispersal                Tloc           0%         N/A       100%        6
 Starburst                Conj/Fire      0%         8x6d3     100%        6
 Orb of Destruction       Conj           0%         N/A       100%        7
 Spellforged Servitor     Conj/Summ      0%         N/A       100%        7
 Maxwell's Capacitive Co  Air            0%         ∞         100%        8


Dungeon Overview and Level Annotations

Branches:
Dungeon (8/15)             Temple (0/1) D:4
   Lair: D:8-11

Altars:
Cheibriados
Fedhas
Sif Muna
Trog
Xom
Yredelemnul

Shops:
D:1 !(

Annotations:
D:8 2 runed translucent doors


Message History

The arrow closely misses you.
A centaur is nearby!
A centaur is nearby!
A cyan ugly thing comes into view.
The cyan ugly thing gurgles horribly!
The centaur shoots an arrow.
The arrow hits you but does no damage.
Found a potion of lignification and a book of Death.
Your scale mail prevents you from hitting the cyan ugly thing.
The centaur shoots an arrow.
The arrow hits you. The cyan ugly thing closely misses you.
The centaur shoots an arrow.
The arrow hits you.
You slice the cyan ugly thing!!
The cyan ugly thing is moderately wounded.
The cyan ugly thing barely misses you.
The centaur shoots an arrow.
The arrow hits you!
You barely miss the cyan ugly thing.
The cyan ugly thing is moderately wounded.
The centaur shoots an arrow.
The arrow barely misses you. The cyan ugly thing trunk-slaps you.
The cyan ugly thing shocks you!
The centaur shoots an arrow.
The arrow hits you.
You are too injured to fight recklessly!
You are too injured to fight recklessly!
You are too injured to fight recklessly!
You are too injured to fight recklessly!
You are too injured to fight recklessly!
You are too injured to fight recklessly!
The cyan ugly thing trunk-slaps you! The cyan ugly thing shocks you!
You slash the cyan ugly thing!
The cyan ugly thing is heavily wounded.
The cyan ugly thing closely misses you.
You slash the cyan ugly thing!
The cyan ugly thing is severely wounded.
The cyan ugly thing trunk-slaps you!
* * * LOW HITPOINT WARNING * * *
The cyan ugly thing shocks you!
* * * LOW HITPOINT WARNING * * *
You closely miss the cyan ugly thing.
The cyan ugly thing is severely wounded.
The cyan ugly thing trunk-slaps you!
You die...

...#####...#.....#...##.......#..
...........#.....#...##........,*
#..........#.....#...##........,,
...........#.....+...'.........*,
...........#.....#...#######..**,
...........#..........(.......,*,
#..........#....######..######,,,
#.)........#...##u...####,,,,**,,
...........#...#@#.##!#*,,***,*,,
...........###.#.#..#***,**,*,*,+
............##.#.###..**,*,**,*,,
...............#.#.##:#*,**,*,*,,
......##...##..##.#.###***,,,**,,
_..##########...###'# *+***,,,
...# ###.....#*****,,,,,,, ####
####.##8,,8**,***,, #
#.#8,,,,8*,,,,**


You could see a cyan ugly thing.

Vanquished Creatures
  A hornet (D:7)
  Menkaure (D:7)
  2 steam dragons
  2 water moccasins (D:8)
  3 orc warriors
  2 necrophages
  3 ice beasts
  A sky beast (D:8)
  Duvessa (D:4)
  A black bear (D:7)
  3 ogres
  2 centaurs (D:8)
  A phantom (D:5)
  Blork the orc (D:5)
  Dowan (D:4)
  2 scorpions
  2 wyvern zombies
  A water moccasin skeleton (D:4)
  3 howler monkeys
  2 bullfrog zombies (D:7)
  A centaur zombie (D:7)
  5 orc priests
  3 jellies
  Crazy Yiuf (D:6)
  A bullfrog skeleton (D:4)
  Jessica (D:2)
  2 orc wizards
  2 iguanas (D:5)
  A killer bee zombie (D:8)
  Robin (D:3)
  2 howler monkey skeletons
  10 adders
  A shadow imp (D:6)
  2 white imps
  3 worms
  3 dart slugs
  28 orcs
  6 ball pythons
  7 endoplasms
  9 giant cockroaches
  9 goblins
  9 hobgoblins
  3 jackals (D:4)
  4 bats
  3 frilled lizards
  10 kobolds
  3 rats
165 creatures vanquished.

Vanquished Creatures (others)
  2 orcs (D:7)
  11 plants (D:7)
13 creatures vanquished.

Grand Total: 178 creatures vanquished

Notes
Turn   | Place    | Note
-------+----------+-------------------------------------------
     0 | D:1      | kae the Hill Orc Fighter began the quest for the Orb.
     0 | D:1      | Reached XP level 1. HP: 19/19 MP: 1/1
    97 | D:1      | Reached skill level 3 in Axes
   173 | D:1      | Found Ifithrong's Distillery.
   278 | D:1      | Reached XP level 2. HP: 27/27 MP: 2/2
   311 | D:1      | Found Baroidot's Weapon Shop.
   451 | D:1      | Found a faded altar of an unknown god.
   466 | D:1      | Found Maimat's Antique Weapon Boutique.
   854 | D:2      | Reached skill level 4 in Axes
   966 | D:2      | Reached XP level 3. HP: 33/33 MP: 3/3
  1193 | D:2      | Found a shimmering blue altar of Sif Muna.
  1429 | D:2      | Reached XP level 4. HP: 37/41 MP: 4/4
  1432 | D:2      | Reached skill level 5 in Axes
  1792 | D:3      | Noticed Jessica
  1800 | D:2      | Killed Jessica
  1849 | D:3      | Noticed Robin
  1919 | D:2      | Reached XP level 5. HP: 43/47 MP: 5/5
  2227 | D:3      | Killed Robin
  2228 | D:3      | Reached skill level 6 in Axes
  2433 | D:3      | Reached skill level 5 in Fighting
  3361 | D:4      | Reached XP level 6. HP: 33/56 MP: 6/6
  3588 | D:4      | Found a staircase to the Ecumenical Temple.
  3631 | D:3      | Reached skill level 7 in Axes
  3987 | D:4      | Noticed Duvessa
  3987 | D:4      | Noticed Dowan
  3994 | D:4      | Killed Duvessa
  3995 | D:4      | Reached skill level 8 in Axes
  3995 | D:4      | Reached XP level 7. HP: 44/63 MP: 7/7
  4015 | D:4      | Killed Dowan
  4882 | D:5      | Entered Level 5 of the Dungeon
  4930 | D:5      | Reached skill level 9 in Axes
  5163 | D:5      | Reached XP level 8. HP: 72/73 MP: 8/8
  5252 | D:5      | Noticed Blork the orc
  5263 | D:5      | Killed Blork the orc
  5264 | D:5      | Reached skill level 10 in Axes
  5932 | D:6      | Reached skill level 11 in Axes
  6412 | D:6      | Found a runed translucent door.
  6413 | D:6      | Noticed Crazy Yiuf
  6583 | D:6      | HP: 1/75 [ice beast (9)]
  6938 | D:6      | Reached XP level 9. HP: 34/82 MP: 9/9
  7382 | D:6      | Killed Crazy Yiuf
  7383 | D:6      | Reached skill level 12 in Axes
  7798 | D:7      | Noticed a hornet
  7806 | D:7      | Killed a hornet
  8387 | D:7      | Noticed Menkaure
  8395 | D:7      | Killed Menkaure
  8396 | D:7      | Reached skill level 13 in Axes
  8939 | D:7      | Found a blossoming altar of Fedhas.
  9005 | D:7      | Identified a scroll of acquirement
  9005 | D:7      | Acquired a manual of Dodging
  9030 | D:8      | Found a basalt altar of Yredelemnul.
  9031 | D:8      | Found a shimmering altar of Xom.
  9032 | D:8      | Found a snail-covered altar of Cheibriados.
  9062 | D:8      | Reached skill level 1 in Dodging
  9528 | D:8      | Found a large runed translucent door.
  9528 | D:8      | Found a large runed translucent door.
  9552 | D:8      | Reached XP level 10. HP: 93/93 MP: 10/10
  9687 | D:8      | Reached skill level 10 in Fighting
  9687 | D:8      | Reached skill level 14 in Axes
  9839 | D:8      | Found a bloodstained altar of Trog.
  9962 | D:8      | Noticed a cyan ugly thing
  9969 | D:8      | Slain by a cyan ugly thing

Illustrated notes

Levels and vault maps discovered:
D:1:      heliophobic_arrival_henge, layout_loops_ring, serial_shops, shop,
          shop_fountains, shop_statue, hellmonk_ecumenical_altar_heavens_door
D:2:      layout_loops_corners, basic_altar
D:3:      layout_loops_ring, uniq_robin, uniq_jessica
D:4:      layout_basic, minmay_temple_entry_statues_pillars, uniq_duvessa
D:5:      layout_rooms, uniq_blork_the_orc
D:6:      layout_cave_pools, uniq_crazy_yiuf_cottage
D:7:      layout_cave_pools, fedhas_altar_decomposition, uniq_menkaure
D:8:      layout_gridville, bloody_trog,
          chequers_temple_overflow_statue_of_worship, serial_glass,
          glass_columns_a, glass_columns_c, due_unseen_surprise,
          minmay_hollow_rounded_squares

Skill      XL: |  1  2  3  4  5  6  7  8  9 10 |
---------------+-------------------------------+-----
Axes           | 3 4 5 6 8 9 11 13 14 | 14.2
Fighting       | 4 5 6 7 8 9 10 | 10.1
Dodging        | 2 3 |  3.4
Armour         | |  3.2
Shields        | |  3.2

Action                   |  1- 3 |  4- 6 |  7- 9 | 10-12 || total
-------------------------+-------+-------+-------+-------++-------
Melee: War axe           |    98 |   156 |   226 |       ||   480
       Battleaxe         |       |       |       |    14 ||    14
  Use: Scroll            |     3 |     2 |     8 |     8 ||    21
       Potion            |       |       |     1 |       ||     1
Armor: Scale mail        |    55 |    62 |    96 |     3 ||   216
Dodge: Dodged            |    22 |    48 |    62 |     9 ||   141
Block: Kite shield       |    38 |    93 |    98 |       ||   229

Table legend: (Time is in decaauts)
 A = Elapsed time spent in this place.
 B = Non-inter-level travel time spent in this place.
 C = Inter-level travel time spent in this place.
 D = Time resting spent in this place.
 E = Time spent auto-exploring this place.
 F = Levels seen in this place.
 G = Mean time per level.
                   A        B        C        D        E       F      G
               +--------+--------+--------+--------+--------+-----+--------+
         Total |  10142 |   9767 |    375 |   2643 |   5926 |   8 | 1267.8 |
       Dungeon |  10142 |   9767 |    375 |   2643 |   5926 |   8 | 1267.8 |
               +--------+--------+--------+--------+--------+-----+--------+

Top non-repeatable levels by time:
     D:4: 1718 daAuts
     D:5: 1613 daAuts
     D:6: 1531 daAuts
     D:2: 1461 daAuts
     D:7: 1060 daAuts
     D:3: 1030 daAuts
     D:8: 916 daAuts
     D:1: 810 daAuts
